SA
CONNETQUOT CHIEFS @ LOUISIANA DRAGOONS
08/15/2024
 
TOP OF THE 1ST
Connetquot Chiefs batting - Pitching for Louisiana Dragoons : LHP Nick Mason
Pitching: LHP Nick Mason
Batting: RHB Jim Unknown 0-0: Ball
1-0: Ball
2-0: Called Strike
2-1: TRIPLE (Flyball, 7LD)
Batting: LHB SaQwan Hackett 0-0: Called Strike
0-1: Ball
1-1: Ball
2-1: SINGLE (Line Drive, 34D)
Jim Unknown scores
Batting: RHB José Magana 0-0: Fly out, F2 (Popup, 2RF)
Batting: SHB Britt Ducker 0-0: Swinging Strike
0-1: Ball
1-1: Foul Ball, location: 2F
1-2: Ball
2-2: Strikes out looking
Batting: RHB Andrés Gonzáles 0-0: Ball
1-0: Fly out, F8 (Flyball, 8LD)
Top of the 1st over - 1 run(s), 2 hit(s), 0 error(s), 1 left on base; Connetquot 1 - Louisiana 0
BOTTOM OF THE 1ST
Louisiana Dragoons batting - Pitching for Connetquot Chiefs : RHP Armando Ortíz
Pitching: RHP Armando Ortíz
Batting: RHB Wessel Wemerman 0-0: Bunted foul
0-1: Ball
1-1: DOUBLE (Line Drive, 9LS)
Batting: RHB Fernando Rutledge 0-0: Ball
1-0: SINGLE (Line Drive, 78S)
Wessel Wemerman to third
Runner from 3rd tries for Home, SAFE, no throw or cutoff
Batting: LHB Damian Delaney 0-0: Ball
1-0: Ball
2-0: Ball
3-0: Called Strike
3-1: Fly out, F5 (Popup, 5SF)
Batting: RHB Anastasio Hernández 0-0: Ball
1-0: Ball
2-0: Foul Ball, location: 2F
2-1: Grounds into double play, 5-4-3 (Groundball, 5)
Bottom of the 1st over - 1 run(s), 2 hit(s), 0 error(s), 0 left on base; Connetquot 1 - Louisiana 1
TOP OF THE 2ND
Connetquot Chiefs batting - Pitching for Louisiana Dragoons : LHP Nick Mason
Batting: RHB Jesús Quintana 0-0: Called Strike
0-1: Ground out 4-3 (Groundball, 13)
Batting: RHB Sang Hong-Do 0-0: Fly out, F3 (Popup, 3F)
Batting: RHB Dale Quick 0-0: Called Strike
0-1: Ball
1-1: Ball
2-1: Foul Ball, location: 2F
2-2: Ball
3-2: Strikes out swinging, 2-3 out at first.
Top of the 2nd over - 0 run(s), 0 hit(s), 0 error(s), 0 left on base; Connetquot 1 - Louisiana 1
BOTTOM OF THE 2ND
Louisiana Dragoons batting - Pitching for Connetquot Chiefs : RHP Armando Ortíz
Batting: RHB Warren Willis 0-0: Foul Ball, location: 2F
0-1: Ball
1-1: Ball
2-1: Ball
3-1: Base on Balls
Batting: SHB Galtero Suárez 0-0: Ball
1-0: Ball
2-0: Ball
3-0: Base on Balls
Warren Willis to second
Batting: RHB Armando Carmona 0-0: Ball
1-0: Ground out 4-3 (Groundball, 34S)
Warren Willis to third
Galtero Suárez to second
Batting: RHB Eduardo Rivera 0-0: Ball
1-0: Called Strike
1-1: Swinging Strike
1-2: Ball
2-2: Ball
3-2: Base on Balls
Batting: SHB Eduardo Pampin 0-0: Called Strike
0-1: Ball
1-1: Called Strike
1-2: Foul Ball, location: 2F
1-2: Fly out, F6 (Popup, 56D)
Batting: RHB Wessel Wemerman 0-0: SINGLE (Flyball, 8LS)
Warren Willis scores
Galtero Suárez to third
Eduardo Rivera to second
Batting: RHB Fernando Rutledge Balk!
Galtero Suárez scores
Eduardo Rivera to third
Wessel Wemerman to second
0-0: Ground out 5-3 (Groundball, 5)
Bottom of the 2nd over - 2 run(s), 1 hit(s), 0 error(s), 2 left on base; Connetquot 1 - Louisiana 3
TOP OF THE 3RD
Connetquot Chiefs batting - Pitching for Louisiana Dragoons : LHP Nick Mason
Batting: LHB Cornelius Taitt 0-0: Ball
1-0: Ball
2-0: Foul Ball, location: 2F
2-1: Ball
3-1: Foul Ball, location: 2F
3-2: Base on Balls
Batting: RHB Jim Unknown 0-0: Foul Ball, location: 2F
0-1: Fly out, F8 (Flyball, 8LD)
Batting: LHB SaQwan Hackett 0-0: Ball
1-0: 2-RUN HOME RUN (Flyball, 89XD), Distance : 409 ft
Batting: RHB José Magana 0-0: Ball
1-0: Called Strike
1-1: Foul Ball, location: 2F
1-2: SINGLE (Groundball, 56D)
Batting: SHB Britt Ducker 0-0: Called Strike
0-1: Fly out, F9 (Flyball, 9D)
Batting: RHB Andrés Gonzáles 0-0: Called Strike
0-1: Swinging Strike
0-2: Ground out 6-3 (Groundball, 6)
Top of the 3rd over - 2 run(s), 2 hit(s), 0 error(s), 1 left on base; Connetquot 3 - Louisiana 3
BOTTOM OF THE 3RD
Louisiana Dragoons batting - Pitching for Connetquot Chiefs : RHP Armando Ortíz
Batting: LHB Damian Delaney 0-0: Called Strike
0-1: Ball
1-1: SINGLE (Groundball, 4M) (infield hit)
Batting: RHB Anastasio Hernández 0-0: Ball
1-0: Foul Ball, location: 2F
1-1: Foul Ball, location: 2F
1-2: Ball
Passed Ball!
Damian Delaney to second
2-2: Foul Ball, location: 2F
2-2: Ball
3-2: Base on Balls
Batting: RHB Warren Willis 0-0: Foul Ball, location: 2F
0-1: Ball
Wild Pitch!
Damian Delaney to third
Anastasio Hernández to second
1-1: Ball
2-1: Foul Ball, location: 2F
2-2: SINGLE (Groundball, 6MD) (infield hit)
Damian Delaney scores
Anastasio Hernández to third
Batting: SHB Galtero Suárez 0-0: Ball
1-0: Foul Ball, location: 2F
1-1: Foul Ball, location: 2F
1-2: Ball
2-2: Strikes out swinging
Batting: RHB Armando Carmona 0-0: Called Strike
0-1: Ball
1-1: Called Strike
1-2: Strikes out swinging
Batting: RHB Eduardo Rivera 0-0: Called Strike
0-1: Called Strike
0-2: Foul Ball, location: 2F
0-2: Fly out, F7 (Line Drive, 7S)
Bottom of the 3rd over - 1 run(s), 2 hit(s), 0 error(s), 2 left on base; Connetquot 3 - Louisiana 4
TOP OF THE 4TH
Connetquot Chiefs batting - Pitching for Louisiana Dragoons : LHP Nick Mason
Batting: RHB Jesús Quintana 0-0: Fly out, F4 (Popup, 3D)
Batting: RHB Sang Hong-Do 0-0: Fly out, F8 (Flyball, 8RS)
Batting: RHB Dale Quick 0-0: Foul Ball, location: 2F
0-1: Called Strike
0-2: Strikes out swinging
Top of the 4th over - 0 run(s), 0 hit(s), 0 error(s), 0 left on base; Connetquot 3 - Louisiana 4
BOTTOM OF THE 4TH
Louisiana Dragoons batting - Pitching for Connetquot Chiefs : RHP Armando Ortíz
Batting: SHB Eduardo Pampin 0-0: Called Strike
0-1: Ball
1-1: Foul Ball, location: 2F
1-2: Foul Ball, location: 2F
1-2: Foul Ball, location: 2F
1-2: Ball
2-2: Strikes out swinging
Batting: RHB Wessel Wemerman 0-0: Ball
1-0: Ground out 5-3 (Groundball, 56)
Batting: RHB Fernando Rutledge 0-0: Fly out, F9 (Flyball, 9S)
Bottom of the 4th over - 0 run(s), 0 hit(s), 0 error(s), 0 left on base; Connetquot 3 - Louisiana 4
TOP OF THE 5TH
Connetquot Chiefs batting - Pitching for Louisiana Dragoons : LHP Nick Mason
Batting: LHB Cornelius Taitt 0-0: Called Strike
0-1: Ball
1-1: Fly out, F8 (Flyball, 8LM)
Batting: RHB Jim Unknown 0-0: Ball
1-0: Ball
2-0: Ball
3-0: Foul Ball, location: 2F
3-1: Base on Balls
Batting: LHB SaQwan Hackett 0-0: Fly out, F7 (Flyball, 78M)
Batting: RHB José Magana 0-0: Ball
1-0: Called Strike
1-1: Ball
2-1: Fly out, F8 (Flyball, 78M)
Top of the 5th over - 0 run(s), 0 hit(s), 0 error(s), 1 left on base; Connetquot 3 - Louisiana 4
BOTTOM OF THE 5TH
Louisiana Dragoons batting - Pitching for Connetquot Chiefs : RHP Armando Ortíz
Batting: LHB Damian Delaney 0-0: Hit by Pitch
Batting: RHB Anastasio Hernández 0-0: Ball
1-0: Ball
2-0: Foul Ball, location: 2F
2-1: Ball
3-1: Called Strike
3-2: Base on Balls
Damian Delaney to second
Batting: RHB Warren Willis 0-0: Called Strike
0-1: Swinging Strike
0-2: Strikes out looking
Batting: SHB Galtero Suárez 0-0: Ball
1-0: Fielders Choice at 2nd, 1-6 (Groundball, 13)
Damian Delaney to third
Batting: RHB Armando Carmona 0-0: Swinging Strike
0-1: Ball
1-1: Foul Ball, location: 2F
1-2: Fly out, F8 (Flyball, 8LM)
Bottom of the 5th over - 0 run(s), 0 hit(s), 0 error(s), 2 left on base; Connetquot 3 - Louisiana 4
TOP OF THE 6TH
Connetquot Chiefs batting - Pitching for Louisiana Dragoons : LHP Nick Mason
Batting: SHB Britt Ducker 0-0: Foul Ball, location: 2F
0-1: Ball
1-1: Called Strike
1-2: Ball
2-2: Ground out 5-3 (Groundball, 56)
Batting: RHB Andrés Gonzáles 0-0: Called Strike
0-1: Swinging Strike
0-2: Foul Ball, location: 2F
0-2: Ball
1-2: Strikes out swinging
Batting: RHB Jesús Quintana 0-0: Fly out, F8 (Flyball, 8LM)
Top of the 6th over - 0 run(s), 0 hit(s), 0 error(s), 0 left on base; Connetquot 3 - Louisiana 4
BOTTOM OF THE 6TH
Louisiana Dragoons batting - Pitching for Connetquot Chiefs : RHP Armando Ortíz
Batting: RHB Eduardo Rivera 0-0: Ball
1-0: Fly out, F8 (Flyball, 8RM)
Batting: SHB Eduardo Pampin 0-0: Ball
1-0: Ball
2-0: Ground out 4-3 (Groundball, 34)
Batting: RHB Wessel Wemerman 0-0: Foul Ball, location: 2F
0-1: Foul Ball, location: 2F
0-2: Ball
1-2: Ball
2-2: Strikes out swinging, 2-3 out at first.
Bottom of the 6th over - 0 run(s), 0 hit(s), 0 error(s), 0 left on base; Connetquot 3 - Louisiana 4
TOP OF THE 7TH
Connetquot Chiefs batting - Pitching for Louisiana Dragoons : LHP Nick Mason
Batting: RHB Sang Hong-Do 0-0: Ball
1-0: Called Strike
1-1: Ball
2-1: Foul Ball, location: 2F
2-2: Foul Ball, location: 2F
2-2: Ball
3-2: Strikes out swinging
Batting: RHB Dale Quick 0-0: Foul Ball, location: 2F
0-1: Foul Ball, location: 2F
0-2: Ball
1-2: Strikes out looking
Batting: LHB Cornelius Taitt 0-0: Ball
1-0: Called Strike
1-1: Fly out, F5 (Popup, 5DF)
Top of the 7th over - 0 run(s), 0 hit(s), 0 error(s), 0 left on base; Connetquot 3 - Louisiana 4
BOTTOM OF THE 7TH
Louisiana Dragoons batting - Pitching for Connetquot Chiefs : RHP Armando Ortíz
Batting: RHB Fernando Rutledge 0-0: Ball
1-0: Ground out 5-3 (Groundball, 56S)
Batting: LHB Damian Delaney 0-0: Foul Ball, location: 2F
0-1: Ball
1-1: Ball
2-1: Swinging Strike
2-2: Ground out 5-3 (Groundball, 15S)
Batting: RHB Anastasio Hernández 0-0: Foul Ball, location: 2F
0-1: Foul Ball, location: 2F
0-2: Strikes out swinging
Bottom of the 7th over - 0 run(s), 0 hit(s), 0 error(s), 0 left on base; Connetquot 3 - Louisiana 4
TOP OF THE 8TH
Connetquot Chiefs batting - Pitching for Louisiana Dragoons : LHP Nick Mason
Batting: RHB Jim Unknown 0-0: Foul Ball, location: 2F
0-1: Fly out, F7 (Flyball, 7M)
Batting: LHB SaQwan Hackett 0-0: Foul Ball, location: 2F
0-1: Foul Ball, location: 2F
0-2: Ball
1-2: Fly out, F7 (Flyball, 7LMF)
Batting: RHB José Magana 0-0: Called Strike
0-1: Ball
1-1: Ball
2-1: Fly out, F9 (Flyball, 89M)
Top of the 8th over - 0 run(s), 0 hit(s), 0 error(s), 0 left on base; Connetquot 3 - Louisiana 4
BOTTOM OF THE 8TH
Louisiana Dragoons batting - Pitching for Connetquot Chiefs : RHP Armando Ortíz
Batting: RHB Warren Willis 0-0: Ball
1-0: Ball
2-0: Ball
3-0: Base on Balls
Batting: SHB Galtero Suárez 0-0: Ball
Warren Willis is caught stealing 2nd base
1-0: Ground out 4-3 (Groundball, 4)
Batting: RHB Armando Carmona 0-0: Called Strike
0-1: Swinging Strike
0-2: Strikes out swinging
Bottom of the 8th over - 0 run(s), 0 hit(s), 0 error(s), 0 left on base; Connetquot 3 - Louisiana 4
TOP OF THE 9TH
Connetquot Chiefs batting - Pitching for Louisiana Dragoons : LHP Nick Mason
Pitching: RHP Darren Garland
Now at C: Javier Solano
Batting: SHB Britt Ducker 0-0: Ball
1-0: Foul Ball, location: 2F
1-1: Ball
2-1: Ground out U3 (Groundball, 3S)
Pinch Hitting: LHB Félix Fernández 0-0: Ball
1-0: Foul Ball, location: 2F
1-1: Foul Ball, location: 2F
1-2: Strikes out swinging
Pinch Hitting: RHB Geoffrey Broekhuizen 0-0: Foul Ball, location: 2F
0-1: Foul Ball, location: 2F
0-2: Ball
1-2: Ball
2-2: Strikes out swinging
Top of the 9th over - 0 run(s), 0 hit(s), 0 error(s), 0 left on base; Connetquot 3 - Louisiana 4
This league is powered by Out of the Park Baseball, the baseball management simulation game for PC, Mac and Linux
Monday, October 3rd, 2016 - OOTP Baseball 16.9 Build 39